 Dungeon Crawl Stone Soup version 0.24.0-37-gcf1ca852f1 (webtiles) character file.

Game seed: 15855584237560153961, levelgen mode: deterministic

72 Descartes the Skirmisher (level 4, 0/38 HPs)
             Began as a Formicid Abyssal Knight on Nov 23, 2019.
             Was a Follower of Lugonu.
             Succumbed to a killer bee's poison
             ... on level 3 of the Dungeon.
             The game lasted 00:05:05 (1807 turns).

Descartes the Skirmisher (Formicid Abyssal Knight)  Turns: 1807, Time: 00:05:05

Health: 0/38       AC:  8    Str: 15 (17) XL:     4   Next: 48%
Magic:  5/5        EV:  6    Int: 16 (17) God:    Lugonu [*.....]
Gold:   123        SH:  0    Dex: 11 (14) Spells: 3/3 levels left

rFire    . . .     SeeInvis +   a - +1 hand axe
rCold    . . .     Gourm    .   (no shield)
rNeg     . . .     Faith    .   e - +0 chain mail "Uhattoh" {Dex+4}
rPois    .         Spirit   .   (helmet unavailable)
rElec    .         Reflect  .   (no cloak)
rCorr    .         Harm     .   (no gloves)
MR       .....                  (no boots)
Stlth    ..........             (no amulet)
HPRegen  0.12/turn              (no ring)
MPRegen  0.09/turn              (no ring)

@: brilliant, lethally poisoned (0 -> -23), flying
A: permanent stasis, dig shafts and tunnels, four strong arms, antennae 3,
deterioration 1
a: Dig, Shaft Self, Depart the Abyss, Renounce Religion


You were on level 3 of the Dungeon.
You worshipped Lugonu.
Lugonu was aware of your devotion.
You were hungry.

You visited 1 branch of the dungeon, and saw 3 of its levels.
You visited the Abyss 1 time.

You collected 123 gold pieces.

Inventory:

Hand Weapons
 a - a +1 hand axe (weapon)
Missiles
 d - 74 stones (quivered)
 h - 65 arrows
Armour
 b - a +0 leather armour
 e - the +0 chain mail "Uhattoh" (worn) {Dex+4}
   (You found it on level 2 of the Abyss)

   It affects your dexterity (+4).
Magical Staves
 g - an uncursed staff of poison
Jewellery
 i - a cursed amulet of inaccuracy {unknown}
Scrolls
 f - a scroll of fear {unknown}
 l - a scroll of random uselessness {unknown}
 m - 2 scrolls of remove curse {unknown}
 s - a scroll of enchant armour {unknown}
Potions
 j - a potion of mutation {unknown}
 k - a potion of flight
 n - a potion of lignification {unknown}
 o - a potion of curing {unknown}
 p - a potion of heal wounds {unknown}
Comestibles
 c - 6 rations


   Skills:
 + Level 4.7 Fighting
 + Level 2.7 Axes
 + Level 2.5 Armour
 + Level 0.8 Dodging
 + Level 2.3 Invocations


You had 3 spell levels left.
You didn't know any spells.
Your spell library was empty.

Dungeon Overview and Level Annotations

Branches:
Dungeon (3/15)

Altars:
Ashenzari
Makhleb
Vehumet
The Shining One


Innate Abilities, Weirdness & Mutations

You cannot be hasted, slowed, berserked, paralysed or teleported.
You can dig through walls and to a lower floor.
Your four strong arms can wield two-handed weapons with a shield.
You have a pair of large antennae on your head. (SInv)
Your body sometimes deteriorates upon taking damage.


Message History

* * * LOW HITPOINT WARNING * * *
It was a potion of brilliance.
You feel clever all of a sudden.
The killer bee stings you but does no damage.
The killer bee stings you.
* * * LOW HITPOINT WARNING * * *
You are more poisoned.
The killer bee poisons you!
It was a potion of berserk rage.
Your stasis prevents you from going berserk.
* * * LOW HITPOINT WARNING * * *
You feel sick. The killer bee stings you.
* * * LOW HITPOINT WARNING * * *
You are more poisoned.
The killer bee poisons you!
The killer bee stings you but does no damage.
It was a potion of degeneration.
There was something very wrong with that liquid.
You feel weakened.
You feel dopey.
You feel clumsy.
You die...

# . #.# # #.# #
#y# # #y# # #y# #
#y# ### #y# #.##
#######@#
.#.#######.......#
###........#######
.#.######### #.##
###


You could see 5 killer bees.

Vanquished Creatures
  Jessica (D:2)
  A gnoll (D:1)
  An adder (D:2)
  3 ball pythons (D:1)
  3 giant cockroaches
  3 goblins (D:1)
  A hobgoblin (D:2)
  6 bats
  2 frilled lizards
  5 kobolds
  2 rats (D:1)
28 creatures vanquished.

Notes
Turn   | Place    | Note
-------+----------+-------------------------------------------
     0 | Abyss:1  | Descartes the Formicid Abyssal Knight began the quest for
                  | the Orb.
     0 | Abyss:1  | Reached XP level 1. HP: 18/18 MP: 2/2
    46 | Abyss:1  | Noticed a neqoxec
    49 | Abyss:1  | Gained mutation: Your body sometimes deteriorates upon
                  | taking damage. [a neqoxec]
    49 | Abyss:1  | Noticed an ancient zyme
    58 | Abyss:1  | Noticed a quasit
    81 | Abyss:2  | Got an ichor-stained chain mail
   135 | Abyss:3  | Noticed an ancient zyme
   163 | Abyss:3  | Noticed a hellion
   164 | Abyss:3  | Noticed a small abomination
   169 | D:1      | Escaped the Abyss
   180 | D:1      | Identified the +0 chain mail "Uhattoh" {Dex+4} (You found
                  | it on level 2 of the Abyss)
   358 | D:1      | Reached * piety under Lugonu
   364 | D:1      | Reached XP level 2. HP: 21/25 MP: 3/3
   438 | D:1      | Reached skill level 4 in Fighting
   622 | D:1      | Reached XP level 3. HP: 27/30 MP: 4/4
   948 | D:2      | Found a faded altar of an unknown god.
   986 | D:2      | Found a radiant altar of Vehumet.
   986 | D:2      | Noticed Jessica
   997 | D:2      | Killed Jessica
   997 | D:2      | Reached XP level 4. HP: 29/38 MP: 5/5
  1448 | D:2      | Found a burning altar of Makhleb.
  1467 | D:2      | Found a glowing golden altar of the Shining One.
  1490 | D:2      | Found a shattered altar of Ashenzari.
  1807 | D:3      | Succumbed to a killer bee's poison

Levels and vault maps discovered:
D:1:      lightli_arrival_noodles, layout_basic
D:2:      layout_rooms, overflow_temple_1_default, bloody_makhleb,
          lemuel_crystal_altar, overflow_temple_1_default,
          chequers_ecumenical_altar_simple_redux, uniq_jessica
D:3:      layout_loops_cross, marbit_many_paths

Skill      XL: |  1  2 |
---------------+-------+-----
Fighting       | 4 |  4.7
Axes           | |  2.7
Armour         | |  2.5
Dodging        | |  0.8
Invocations    | |  2.3

Action                   |  1- 3 |  4- 6 || total
-------------------------+-------+-------++-------
Melee: Hand axe          |    78 |    23 ||   101
Invok: Depart the Abyss  |     1 |       ||     1
 Abil: Dig               |     3 |     2 ||     5
  Use: Potion            |       |     4 ||     4
  Eat: Chunk             |     1 |     2 ||     3
Armor: Chain mail        |    66 |    15 ||    81
Dodge: Dodged            |    40 |    10 ||    50
